[Event "Croatian junior league 2021"]
[Site "Rabac"]
[Date "2021.04.06"]
[Round "1.11"]
[White "Damjanovic, Stjepan"]
[Black "Karlusic, Luka"]
[Result "0-1"]
[ECO "B21"]
[WhiteElo "1890"]
[BlackElo "2047"]
[Annotator "ChessBase"]
[PlyCount "88"]
[EventDate "2021.04.06"]
[EventType "swiss"]
[EventCountry "CRO"]
[SourceTitle "playchess.com"]
[Source "ChessBase"]
[SourceQuality "1"]
[TimeControl "5400+30"]

1. e4 c5 2. d4 cxd4 3. c3 dxc3 4. Nxc3 e6 5. Nf3 a6 6. Bc4 Nc6 7. O-O Nge7 8. Be3 Ng6 9. a4 Be7 10. Qe2 O-O 11. Rfd1 b6 12. Nd4 Qc7 13. Rac1 Bc5 14. Nxc6 Bxe3 15. Qxe3 dxc6 16. b4 Bb7 17. Rd2 Rfd8 18. Rcd1 Rxd2 19. Qxd2 Qe7 20. Be2 Kf8 21. Qd4 Qc7 22. Na2 e5 23. Qd7 Qxd7 24. Rxd7 Bc8 25. Rc7 Ne7 26. a5 bxa5 27. bxa5 Ke8 28. Nb4 Kd8 29. Nd5 cxd5 30. Rc5 Rb8 31. f3 dxe4 32. Rxe5 exf3 33. Bxf3 Rb5 34. Re4 Rxa5 35. Rh4 Bf5 36. Rd4+ Kc7 37. g4 Be6 38. Be2 Ra1+ 39. Kf2 a5 40. Bb5 Nd5 41. h3 Kb6 42. Be8 Kc5 43. Rd3 Nf6 44. Rd8 Nxe8 0-1

[Event "Croatian junior league 2021"]
[Site "Rabac"]
[Date "2021.04.06"]
[Round "1.12"]
[White "Mahecic, Lovre"]
[Black "Mandaric, Fran"]
[Result "1-0"]
[ECO "A25"]
[WhiteElo "1958"]
[BlackElo "1684"]
[Annotator "ChessBase"]
[PlyCount "61"]
[EventDate "2021.04.06"]
[EventType "swiss"]
[EventCountry "CRO"]
[SourceTitle "playchess.com"]
[Source "ChessBase"]
[SourceQuality "1"]
[TimeControl "5400+30"]

1. c4 e5 2. Nc3 Nc6 3. g3 Nf6 4. Bg2 Be7 5. e3 d6 6. Nge2 O-O 7. O-O Be6 8. b3 Qd7 9. d4 Bh3 10. Bb2 Bxg2 11. Kxg2 Qf5 12. a3 a6 13. d5 Na7 14. f3 Qh5 15. e4 g6 16. Qd3 Nd7 17. b4 f5 18. Rac1 f4 19. g4 Qh4 20. Na4 h5 21. h3 Kg7 22. c5 Nf6 23. Rh1 Rh8 24. cxd6 Bxd6 25. Nxf4 exf4 26. e5 Qg3+ 27. Kf1 hxg4 28. exd6 gxh3 29. Bxf6+ Kxf6 30. Qd4+ Kf7 31. Rxc7+ 1-0

[Event "Croatian junior league 2021"]
[Site "Rabac"]
[Date "2021.04.06"]
[Round "1.13"]
[White "Juric, Ester"]
[Black "Novosel, Lovro"]
[Result "0-1"]
[ECO "D38"]
[WhiteElo "1587"]
[BlackElo "1997"]
[Annotator "ChessBase"]
[PlyCount "50"]
[EventDate "2021.04.06"]
[EventType "swiss"]
[EventCountry "CRO"]
[SourceTitle "playchess.com"]
[Source "ChessBase"]
[SourceQuality "1"]
[TimeControl "5400+30"]

1. d4 Nf6 2. c4 e6 3. Nc3 d5 4. Bg5 Bb4 5. Nf3 Nbd7 6. e3 c5 7. Be2 Qa5 8. Bxf6 Nxf6 9. Qb3 cxd4 10. Nxd4 Bxc3+ 11. bxc3 O-O 12. Rc1 e5 13. Nf3 dxc4 14. Bxc4 e4 15. Nd4 Qg5 16. Bf1 Nd7 17. Qb5 Ne5 18. Qb1 f5 19. Rg1 Kh8 20. Be2 b6 21. Qb5 f4 22. Nc2 Bd7 23. Qb1 Nd3+ 24. Bxd3 exd3 25. Nd4 fxe3 0-1

[Event "Croatian junior league 2021"]
[Site "Rabac"]
[Date "2021.04.06"]
[Round "1.14"]
[White "Mrvac, Petar"]
[Black "Markovic, Marko"]
[Result "1-0"]
[ECO "B30"]
[WhiteElo "1908"]
[BlackElo "2232"]
[Annotator "ChessBase"]
[PlyCount "90"]
[EventDate "2021.04.06"]
[EventType "swiss"]
[EventCountry "CRO"]
[SourceTitle "playchess.com"]
[Source "ChessBase"]
[SourceQuality "1"]
[TimeControl "5400+30"]

1. e4 c5 2. Nf3 Nc6 3. Bc4 g6 4. Nc3 Bg7 5. d3 d6 6. a3 Nf6 7. Bf4 O-O 8. Qd2 a6 9. Bh6 Bg4 10. Bxg7 Kxg7 11. Ba2 b5 12. Nd5 e6 13. Ne3 Bxf3 14. gxf3 Nd4 15. Qd1 b4 16. axb4 cxb4 17. c3 bxc3 18. bxc3 Qa5 19. Kd2 d5 20. Bxd5 Qb6 21. Nc4 Nb3+ 22. Ke2 Qb8 23. Bxa8 Nxa1 24. Qxa1 Qxa8 25. Qa5 Qc6 26. Rb1 Nd7 27. Ne5 Nxe5 28. Qxe5+ f6 29. Qa5 Rc8 30. c4 Ra8 31. Rb2 Ra7 32. Qd8 Rb7 33. Ra2 Rb3 34. Qe7+ Kh6 35. Qf8+ Kg5 36. f4+ Kxf4 37. Qxf6+ Kg4 38. Qf3+ Kh4 39. Qf4+ Kh5 40. Ra5+ Rb5 41. cxb5 axb5 42. Qe5+ Kh6 43. Rxb5 Qc2+ 44. Kf1 Qd1+ 45. Kg2 Qxd3 1-0

[Event "Croatian junior league 2021"]
[Site "Rabac"]
[Date "2021.04.06"]
[Round "1.21"]
[White "Cotic, Borna"]
[Black "Colev, Ivor"]
[Result "1-0"]
[ECO "B54"]
[WhiteElo "2120"]
[BlackElo "1847"]
[Annotator "ChessBase"]
[PlyCount "55"]
[EventDate "2021.04.06"]
[EventType "swiss"]
[EventCountry "CRO"]
[SourceTitle "playchess.com"]
[Source "ChessBase"]
[SourceQuality "1"]
[TimeControl "5400+30"]

1. e4 c5 2. Nf3 d6 3. d4 cxd4 4. Nxd4 Nf6 5. f3 e6 6. c4 Be7 7. Nc3 Nc6 8. Be3 O-O 9. Be2 Bd7 10. O-O a6 11. Qd2 Rc8 12. Rac1 Ne5 13. b3 Kh8 14. Rfd1 Qa5 15. a4 Rfe8 16. Nc2 Red8 17. h3 Nc6 18. b4 Qc7 19. a5 Qb8 20. Bb6 Rf8 21. b5 Ne5 22. Ne3 Nh5 23. Bd4 Bg5 24. Na4 Rcd8 25. Nb6 f5 26. Qc3 Ng3 27. Bf1 Bf4 28. exf5 1-0

[Event "Croatian junior league 2021"]
[Site "Rabac"]
[Date "2021.04.06"]
[Round "1.22"]
[White "Perko, Bartol"]
[Black "Simunic, Krunoslav"]
[Result "1/2-1/2"]
[ECO "D35"]
[WhiteElo "1766"]
[BlackElo "1999"]
[Annotator "ChessBase"]
[PlyCount "83"]
[EventDate "2021.04.06"]
[EventType "swiss"]
[EventCountry "CRO"]
[SourceTitle "playchess.com"]
[Source "ChessBase"]
[SourceQuality "1"]
[TimeControl "5400+30"]

1. c4 e6 2. Nc3 d5 3. cxd5 exd5 4. d4 Be7 5. Nf3 Nf6 6. Bf4 c6 7. e3 Bf5 8. a3 a5 9. Bd3 Bxd3 10. Qxd3 O-O 11. h3 Nbd7 12. O-O Re8 13. Qc2 Rc8 14. Rac1 b5 15. Rfd1 Qb6 16. Ne5 Qb7 17. Ne2 Nxe5 18. dxe5 Ne4 19. Nd4 c5 20. Nf5 c4 21. Nxe7+ Rxe7 22. f3 Nc5 23. Qf5 Rce8 24. Bg3 Nd3 25. Rxd3 cxd3 26. Qxd3 Qb6 27. f4 Rd7 28. Bf2 b4 29. Qb3 Qb7 30. Qa4 Ra8 31. Rc5 bxa3 32. bxa3 Qa7 33. e4 Qb7 34. Rb5 Qc7 35. exd5 Qc1+ 36. Kh2 Qd2 37. Rxa5 Rxa5 38. Qxd7 h6 39. Qc8+ Kh7 40. Qf5+ Kg8 41. Qc8+ Kh7 42. Qf5+ 1/2-1/2

[Event "Croatian junior league 2021"]
[Site "Rabac"]
[Date "2021.04.06"]
[Round "1.23"]
[White "Baric, Marko"]
[Black "Poljan, Max"]
[Result "1/2-1/2"]
[ECO "B40"]
[WhiteElo "1936"]
[BlackElo "1573"]
[Annotator "ChessBase"]
[PlyCount "79"]
[EventDate "2021.04.06"]
[EventType "swiss"]
[EventCountry "CRO"]
[SourceTitle "playchess.com"]
[Source "ChessBase"]
[SourceQuality "1"]
[TimeControl "5400+30"]

1. e4 c5 2. Nf3 e6 3. c4 Nc6 4. Be2 e5 5. d3 d6 6. O-O g6 7. Nc3 Be6 8. a3 Bg7 9. Nd5 Nge7 10. b4 O-O 11. Rb1 b6 12. Re1 Qd7 13. Bd2 Bxd5 14. cxd5 Nd4 15. bxc5 bxc5 16. Nxd4 cxd4 17. Rb2 Rab8 18. Qb1 Rxb2 19. Qxb2 Rc8 20. Bb4 Qc7 21. Qd2 h5 22. Rb1 Kh7 23. Bd1 Bh6 24. Qe1 Qd7 25. Bb3 f5 26. Qd1 fxe4 27. dxe4 Qc7 28. a4 Ng8 29. a5 Nf6 30. Qd3 Nd7 31. a6 Nc5 32. Bxc5 Qxc5 33. g3 Rb8 34. Bc2 Rb4 35. Rxb4 Qxb4 36. Qf3 Kg7 37. Bd3 Qc3 38. Kg2 Qd2 39. h4 Be3 40. Be2 1/2-1/2

[Event "Croatian junior league 2021"]
[Site "Rabac"]
[Date "2021.04.06"]
[Round "1.24"]
[White "Hergotic, Mihael"]
[Black "Denic, Marin"]
[Result "0-1"]
[ECO "C50"]
[WhiteElo "1476"]
[BlackElo "1914"]
[Annotator "ChessBase"]
[PlyCount "84"]
[EventDate "2021.04.06"]
[EventType "swiss"]
[EventCountry "CRO"]
[SourceTitle "playchess.com"]
[Source "ChessBase"]
[SourceQuality "1"]
[TimeControl "5400+30"]

1. e4 e5 2. Nf3 Nc6 3. Bc4 Bc5 4. d3 Nf6 5. Bg5 O-O 6. O-O h6 7. Bh4 g5 8. Bg3 d6 9. h3 Be6 10. Bb3 Qd7 11. Kh2 Rae8 12. Nc3 a6 13. Qd2 Nh7 14. Nd5 f5 15. exf5 Rxf5 16. Ne3 Rf7 17. Ng4 Kg7 18. Rae1 Bxb3 19. axb3 h5 20. Nxg5 hxg4 21. Nxf7 Qxf7 22. hxg4 Qg6 23. Rh1 Qxg4 24. Kg1 Ng5 25. Kf1 Rf8 26. Bh4 Rh8 27. Qe2 Rxh4 28. Qxg4 Rxg4 29. c3 Rf4 30. Re2 d5 31. Rh5 Kg6 32. Rh8 Bf8 33. c4 dxc4 34. bxc4 Nh7 35. Rg8+ Kf7 36. Rg3 Bc5 37. Rh3 Kg6 38. f3 Bd4 39. b3 Nb4 40. Rd2 c6 41. Ke2 Ng5 42. Rh8 Rf7 0-1

[Event "Croatian junior league 2021"]
[Site "Rabac"]
[Date "2021.04.06"]
[Round "1.31"]
[White "Cvitan, Ena"]
[Black "Levacic, Matej"]
[Result "1-0"]
[ECO "B31"]
[WhiteElo "2263"]
[BlackElo "2144"]
[Annotator "ChessBase"]
[PlyCount "103"]
[EventDate "2021.04.06"]
[EventType "swiss"]
[EventCountry "CRO"]
[SourceTitle "playchess.com"]
[Source "ChessBase"]
[SourceQuality "1"]
[TimeControl "5400+30"]

1. e4 c5 2. Nf3 Nc6 3. Bb5 g6 4. Bxc6 dxc6 5. O-O Bg7 6. d3 Nf6 7. h3 Nd7 8. c3 e5 9. Bg5 Qc7 10. Qd2 h6 11. Be3 b6 12. Na3 Nf6 13. Nc4 Nh5 14. a4 Be6 15. Rfd1 g5 16. Qe2 Nf4 17. Bxf4 exf4 18. d4 cxd4 19. Nxd4 Bxd4 20. Rxd4 O-O 21. Nd6 Rad8 22. Rad1 c5 23. R4d3 Bb3 24. R1d2 Be6 25. Qh5 Kh7 26. h4 f6 27. Nf5 Bxf5 28. Rxd8 Rxd8 29. Rxd8 Qxd8 30. Qf7+ Kh8 31. exf5 gxh4 32. Qh5 Qf8 33. Qxh4 f3 34. g3 Kh7 35. Qh5 Qg8 36. Qxf3 Qf7 37. Qe4 Kg7 38. b4 cxb4 39. cxb4 Qd7 40. a5 bxa5 41. bxa5 a6 42. Qg4+ Kf8 43. Qg6 Qd1+ 44. Kh2 Qd4 45. Qxh6+ Kf7 46. Qe3 Qb2 47. Qb6 Qe2 48. Qe6+ Qxe6 49. fxe6+ Kxe6 50. Kh3 Ke5 51. Kg4 Ke4 52. f4 1-0

[Event "Croatian junior league 2021"]
[Site "Rabac"]
[Date "2021.04.06"]
[Round "1.32"]
[White "Ljubicic, Mario"]
[Black "Ghersinich, Enrico"]
[Result "0-1"]
[ECO "A04"]
[WhiteElo "2036"]
[BlackElo "2186"]
[Annotator "ChessBase"]
[PlyCount "68"]
[EventDate "2021.04.06"]
[EventType "swiss"]
[EventCountry "CRO"]
[SourceTitle "playchess.com"]
[Source "ChessBase"]
[SourceQuality "1"]
[TimeControl "5400+30"]

1. e4 c5 2. Nf3 e6 3. d3 Nc6 4. g3 g6 5. Bg2 Bg7 6. O-O Nge7 7. c3 O-O 8. Bf4 d5 9. e5 d4 10. c4 Rb8 11. Nbd2 b5 12. b3 Qc7 13. Re1 Nb4 14. Ne4 bxc4 15. bxc4 Bb7 16. Nf6+ Kh8 17. Qd2 Bxf3 18. Bxf3 Ng8 19. g4 Nxd3 20. Qxd3 Bxf6 21. Qa3 Bg7 22. Rab1 Rb6 23. Rxb6 Qxb6 24. Be4 Qc7 25. Rb1 Bxe5 26. Rb7 Qd6 27. Bxe5+ Qxe5 28. Bf3 Rb8 29. Rxf7 Nh6 30. Re7 Rf8 31. Qxa7 Rxf3 32. Rxh7+ Kg8 33. Kg2 Rf7 34. Rxf7 Nxf7 0-1

[Event "Croatian junior league 2021"]
[Site "Rabac"]
[Date "2021.04.06"]
[Round "1.33"]
[White "Purini, Bruno"]
[Black "Mijic, Karlo"]
[Result "0-1"]
[ECO "C69"]
[WhiteElo "1987"]
[BlackElo "1599"]
[Annotator "ChessBase"]
[PlyCount "82"]
[EventDate "2021.04.06"]
[EventType "swiss"]
[EventCountry "CRO"]
[SourceTitle "playchess.com"]
[Source "ChessBase"]
[SourceQuality "1"]
[TimeControl "5400+30"]

1. e4 e5 2. Nf3 Nc6 3. Bb5 a6 4. Bxc6 dxc6 5. O-O f6 6. d4 exd4 7. Nxd4 c5 8. Nb3 Qxd1 9. Rxd1 Be6 10. Be3 b6 11. Nc3 Bd6 12. Nd5 O-O-O 13. a4 Kb7 14. a5 f5 15. axb6 cxb6 16. Bg5 Rd7 17. f3 fxe4 18. fxe4 Be5 19. c3 h6 20. Be3 Nf6 21. Nd2 Nxd5 22. exd5 Rxd5 23. Nf3 Bc7 24. Rxd5 Bxd5 25. Rd1 Bc6 26. b4 Re8 27. Kf2 cxb4 28. cxb4 Re4 29. Rd4 Rxd4 30. Bxd4 g6 31. h3 a5 32. bxa5 bxa5 33. Ke2 Bb5+ 34. Ke3 Bb6 35. h4 Bxd4+ 36. Nxd4 Bd7 37. Kd3 Kc7 38. Kc4 Kd6 39. Ne2 Ke5 40. g3 Ke4 41. Nd4 a4 0-1

[Event "Croatian junior league 2021"]
[Site "Rabac"]
[Date "2021.04.06"]
[Round "1.34"]
[White "Bedic, Noemi"]
[Black "Duda, Daniel"]
[Result "0-1"]
[ECO "B23"]
[WhiteElo "1587"]
[BlackElo "1968"]
[Annotator "ChessBase"]
[PlyCount "61"]
[EventDate "2021.04.06"]
[EventType "swiss"]
[EventCountry "CRO"]
[SourceTitle "playchess.com"]
[Source "ChessBase"]
[SourceQuality "1"]
[TimeControl "5400+30"]

1. e4 c5 2. Nc3 g6 3. f4 Bg7 4. Nf3 Nc6 5. Bb5 Nd4 6. O-O Nxb5 7. Nxb5 a6 8. Nc3 e6 9. a4 b6 10. d3 Ne7 11. Qe1 O-O 12. b3 d5 13. Bb2 Bb7 14. Nd1 d4 15. Nf2 Qc7 16. Bc1 Nc6 17. Bd2 b5 18. e5 Ne7 19. Ne4 Bxe4 20. Qxe4 Nd5 21. c4 dxc3 22. Be1 Rfe8 23. axb5 axb5 24. Rxa8 Rxa8 25. Bxc3 Ra3 26. Rc1 Rxb3 27. Bd4 Bf8 28. Bf2 Rb4 29. d4 c4 30. f5 gxf5 31. Qh4 0-1

[Event "Croatian junior league 2021"]
[Site "Rabac"]
[Date "2021.04.06"]
[Round "1.41"]
[White "Bunic, Emanuel"]
[Black "Kovac, Petar"]
[Result "1-0"]
[ECO "D31"]
[WhiteElo "1839"]
[BlackElo "2089"]
[Annotator "ChessBase"]
[PlyCount "53"]
[EventDate "2021.04.06"]
[EventType "swiss"]
[EventCountry "CRO"]
[SourceTitle "playchess.com"]
[Source "ChessBase"]
[SourceQuality "1"]
[TimeControl "5400+30"]

1. d4 d5 2. c4 e6 3. Nc3 Be7 4. cxd5 exd5 5. Bf4 c6 6. e3 Bf5 7. g4 Bg6 8. h4 h6 9. h5 Bh7 10. Bd3 Bxd3 11. Qxd3 Nf6 12. f3 Nbd7 13. Nge2 O-O 14. O-O-O c5 15. g5 hxg5 16. Bxg5 Kh8 17. Nf4 c4 18. Qf5 Re8 19. Rdg1 Qa5 20. Ng6+ Kg8 21. Nxe7+ Rxe7 22. Bxf6 Rxe3 23. Bxg7 Rxc3+ 24. bxc3 Qxc3+ 25. Qc2 Qa1+ 26. Kd2 c3+ 27. Ke2 1-0

[Event "Croatian junior league 2021"]
[Site "Rabac"]
[Date "2021.04.06"]
[Round "1.42"]
[White "Stjepic, Borna"]
[Black "Zadro, Matej"]
[Result "1-0"]
[ECO "C29"]
[WhiteElo "1825"]
[BlackElo "1742"]
[Annotator "NA"]
[PlyCount "37"]
[EventDate "2021.04.06"]
[EventType "swiss"]
[EventCountry "CRO"]
[SourceTitle "playchess.com"]
[Source "ChessBase"]
[SourceQuality "1"]
[TimeControl "5400+30"]

1. e4 e5 2. Nc3 Nf6 3. f4 d5 4. fxe5 Nxe4 5. Qf3 Nxc3 6. bxc3 Be6 7. d4 c5 8. Qg3 Qa5 9. Bd2 Qa4 10. Rb1 Qxa2 11. Rxb7 {[%emt 0:00:30] [#]} Qa1+ $11 (11... Nd7 $1 $17 12. Qf3 cxd4 13. cxd4 Qa1+ {[%mdl 64] Double Attack} 14. Kf2 Qxd4+ {[%mdl 64] Double Attack} 15. Be3 Qc3) 12. Kf2 c4 13. Nf3 Bc8 14. Bxc4 Qxh1 15. Bb5+ Bd7 16. Qg4 Be7 17. Bxd7+ Kf8 18. Bb5 Nc6 19. Bxc6 1-0

[Event "Croatian junior league 2021"]
[Site "Rabac"]
[Date "2021.04.06"]
[Round "1.43"]
[White "Horcicka, Jan"]
[Black "Vukojevic, Toni"]
[Result "1-0"]
[ECO "C50"]
[WhiteElo "1698"]
[BlackElo "1538"]
[Annotator "NA"]
[PlyCount "43"]
[EventDate "2021.04.06"]
[EventType "swiss"]
[EventCountry "CRO"]
[SourceTitle "playchess.com"]
[Source "ChessBase"]
[SourceQuality "1"]
[TimeControl "5400+30"]

1. e4 e5 2. Nf3 Nc6 3. Bc4 Bc5 4. Nc3 Nf6 5. d3 h6 6. h3 O-O 7. g4 d6 8. g5 hxg5 9. Bxg5 Bb4 10. Qd2 Nd4 11. Nh4 b5 12. Bb3 c5 13. Bd5 Rb8 14. Rg1 Bxh3 15. Rg3 Be6 16. O-O-O Re8 17. Rdg1 Kf8 18. Bxe6 Nxe6 19. Nf5 Ba5 20. Rh1 Bxc3 21. bxc3 Kg8 22. Rgh3 1-0

[Event "Croatian junior league 2021"]
[Site "Rabac"]
[Date "2021.04.06"]
[Round "1.51"]
[White "Jakrlin, Mihael"]
[Black "Alfirevic, Duje"]
[Result "1-0"]
[ECO "A12"]
[WhiteElo "2106"]
[BlackElo "1996"]
[Annotator "ChessBase"]
[PlyCount "93"]
[EventDate "2021.04.06"]
[EventType "swiss"]
[EventCountry "CRO"]
[SourceTitle "playchess.com"]
[Source "ChessBase"]
[SourceQuality "1"]
[TimeControl "5400+30"]

1. Nf3 d5 2. c4 c6 3. b3 Nf6 4. g3 Bf5 5. Bg2 e6 6. O-O h6 7. Bb2 Be7 8. d3 O-O 9. Nbd2 Nbd7 10. Qc2 Re8 11. Bc3 Bh7 12. b4 dxc4 13. Nxc4 Nd5 14. Rab1 Nxc3 15. Qxc3 Qc7 16. Rfc1 Rac8 17. a4 Nb6 18. a5 Nd5 19. Qe1 b6 20. e4 Nf6 21. Nce5 c5 22. b5 Nd7 23. Nc6 Nb8 24. axb6 axb6 25. Nxe7+ Qxe7 26. Ne5 Red8 27. Rb3 Rd4 28. Ra1 f6 29. Nc4 Rcd8 30. Nxb6 Rxd3 31. Nd5 R8xd5 32. exd5 Rxb3 33. Bf1 Bf5 34. Qd1 Rb4 35. d6 Qb7 36. Qc1 Nd7 37. Qa3 Qd5 38. Qa6 Rd4 39. Qc8+ Nf8 40. b6 Qxd6 41. b7 Rb4 42. Ra8 Bh3 43. Bxh3 Qd1+ 44. Bf1 Rb1 45. Qxe6+ Kh7 46. Qe4+ Ng6 47. Qxb1 1-0

[Event "Croatian junior league 2021"]
[Site "Rabac"]
[Date "2021.04.06"]
[Round "1.52"]
[White "Vucenovic, Damian"]
[Black "Troselj, Ivan"]
[Result "0-1"]
[ECO "B13"]
[WhiteElo "2008"]
[BlackElo "1962"]
[Annotator "ChessBase"]
[PlyCount "118"]
[EventDate "2021.04.06"]
[EventType "swiss"]
[EventCountry "CRO"]
[SourceTitle "playchess.com"]
[Source "ChessBase"]
[SourceQuality "1"]
[TimeControl "5400+30"]

1. e4 c6 2. d4 d5 3. exd5 cxd5 4. Bd3 Nc6 5. c3 Qc7 6. Ne2 e5 7. dxe5 Nxe5 8. Bb5+ Bd7 9. Bxd7+ Qxd7 10. O-O Nf6 11. Re1 Be7 12. Nd4 Nc4 13. Qf3 Ne4 14. Nf5 Bf6 15. Nd2 Ncxd2 16. Bxd2 O-O 17. Be3 Qb5 18. Qg4 Qxb2 19. f3 Nxc3 20. Bd4 Bxd4+ 21. Qxd4 Qb6 22. Re3 Qxd4 23. Nxd4 Rfc8 24. Nf5 Kf8 25. Rae1 Rc7 26. Nd6 g6 27. a3 b6 28. h4 Rd8 29. Re8+ Rxe8 30. Rxe8+ Kg7 31. Rc8 Rxc8 32. Nxc8 Nb5 33. a4 Nc3 34. Nxa7 Nxa4 35. Nb5 Kf6 36. Kf2 Ke5 37. Ke3 Nc5 38. f4+ Kf5 39. Kf3 Nb3 40. Nc7 d4 41. g4+ Kf6 42. Nd5+ Ke6 43. Nxb6 Nc5 44. Nc4 f6 45. Nd2 Kd5 46. h5 gxh5 47. gxh5 f5 48. Kg2 d3 49. Kf3 Kd4 50. h6 Kc3 51. Nf1 Nb3 52. Ne3 Nd4+ 53. Kf2 d2 54. Kg3 Kd3 55. Nd1 Ke2 56. Nc3+ Ke1 57. Kh4 Ne6 58. Kh5 d1=Q+ 59. Nxd1 Kxd1 0-1

[Event "Croatian junior league 2021"]
[Site "Rabac"]
[Date "2021.04.06"]
[Round "1.53"]
[White "Birkic, Josip"]
[Black "Sagovac, Kristijan"]
[Result "1-0"]
[ECO "D02"]
[WhiteElo "1972"]
[BlackElo "1920"]
[Annotator "ChessBase"]
[PlyCount "149"]
[EventDate "2021.04.06"]
[EventType "swiss"]
[EventCountry "CRO"]
[SourceTitle "playchess.com"]
[Source "ChessBase"]
[SourceQuality "1"]
[TimeControl "5400+30"]

1. d4 Nf6 2. Nf3 e6 3. Bf4 d5 4. e3 Bd6 5. Bg3 O-O 6. c4 c5 7. cxd5 cxd4 8. Bxd6 Qxd6 9. Qxd4 exd5 10. Nc3 Nc6 11. Qh4 Bf5 12. Be2 a6 13. Rd1 Rfe8 14. O-O b5 15. Nd4 Be4 16. Nxc6 Qxc6 17. Rd4 Rab8 18. Bd1 a5 19. a4 b4 20. Ne2 Bc2 21. b3 Bxd1 22. Rdxd1 Re4 23. Qg3 Rbe8 24. Rc1 Qa6 25. Qf3 Nd7 26. Ng3 R4e5 27. Rfd1 Qe6 28. h4 Nf6 29. Rc5 Ne4 30. Rxa5 Nc3 31. Rd4 Qb6 32. Raxd5 Nxd5 33. Rxd5 Rxd5 34. Qxd5 Rc8 35. Nf5 Qe6 36. e4 g6 37. Ne3 Rc1+ 38. Kh2 Qxd5 39. Nxd5 Rb1 40. Nxb4 Rxb3 41. Nd5 Ra3 42. Nb6 Rb3 43. Nd5 Rd3 44. f3 Rd4 45. Kg3 Rxa4 46. h5 g5 47. h6 Ra6 48. Kg4 Rxh6 49. e5 Kg7 50. g3 Re6 51. f4 gxf4 52. gxf4 Rg6+ 53. Kh5 Rg1 54. Nf6 Rf1 55. Nd5 Rh1+ 56. Kg5 h6+ 57. Kg4 h5+ 58. Kg3 Kh6 59. Ne3 Rb1 60. Nf5+ Kg6 61. Nh4+ Kh7 62. Nf5 Rg1+ 63. Kh4 Rg4+ 64. Kxh5 Rxf4 65. Kg5 Kg8 66. Kxf4 Kf8 67. Nd4 Ke7 68. Kf5 Kd7 69. Kf6 Ke8 70. Nf5 Kf8 71. Nd6 Kg8 72. Nxf7 Kh7 73. Nh6 Kh8 74. e6 Kh7 75. e7 1-0

[Event "Croatian junior league 2021"]
[Site "Rabac"]
[Date "2021.04.06"]
[Round "1.54"]
[White "Dumancic, Simun"]
[Black "Zekic, Patrik"]
[Result "0-1"]
[ECO "C06"]
[WhiteElo "1883"]
[BlackElo "1731"]
[Annotator "NA"]
[PlyCount "62"]
[EventDate "2021.04.06"]
[EventType "swiss"]
[EventCountry "CRO"]
[SourceTitle "playchess.com"]
[Source "ChessBase"]
[SourceQuality "1"]
[TimeControl "5400+30"]

1. e4 e6 2. d4 d5 3. Nd2 Be7 4. Ngf3 Nf6 5. e5 Nfd7 6. Bd3 c5 7. c3 Nc6 8. O-O g5 9. Bb5 g4 10. Ne1 $1 cxd4 11. Bxc6 bxc6 12. cxd4 Ba6 13. Qxg4 Nf8 14. f4 Bxf1 15. Kxf1 h5 $11 (15... Qb6 $17 16. Nb3 a5) 16. Qf3 Ng6 17. Nb3 Qb6 18. Bd2 a5 19. Bc3 a4 20. Nc1 Nh4 21. Qf2 Nf5 22. Ncd3 Rc8 23. Nf3 c5 24. Rd1 c4 25. Nc1 a3 26. bxa3 Bxa3 27. Nh4 Qb1 28. Nxf5 Qxf5 29. Ne2 Qc2 30. Re1 h4 31. f5 Rh5 0-1

[Event "Croatian junior league 2021"]
[Site "Rabac"]
[Date "2021.04.06"]
[Round "1.61"]
[White "Begic, Domagoj"]
[Black "Novosel, Marko"]
[Result "0-1"]
[ECO "D02"]
[WhiteElo "1706"]
[BlackElo "2130"]
[Annotator "ChessBase"]
[PlyCount "63"]
[EventDate "2021.04.06"]
[EventType "swiss"]
[EventCountry "CRO"]
[SourceTitle "playchess.com"]
[Source "ChessBase"]
[SourceQuality "1"]
[TimeControl "5400+30"]

1. d4 Nf6 2. g3 d5 3. Bg2 e6 4. Nf3 c5 5. c3 cxd4 6. cxd4 Bd6 7. a3 O-O 8. O-O Nbd7 9. Nc3 a6 10. Re1 Be7 11. e3 b5 12. b4 Bb7 13. Bb2 Rc8 14. Nd2 Nb6 15. Rc1 Nc4 16. Nxc4 Rxc4 17. Qb3 Qa8 18. Bf1 h5 19. Qd1 h4 20. Bd3 hxg3 21. hxg3 g6 22. Kg2 Rcc8 23. Rh1 e5 24. Rh3 e4 25. Be2 Kg7 26. Qd2 Rh8 27. Rch1 Rxh3 28. Rxh3 Rh8 29. Rxh8 Qxh8 30. Qd1 Bc8 31. Qh1 Qd8 32. Nb1 0-1